 Dungeon Crawl Stone Soup version 0.31.0-12-g77e489cdc1 (webtiles) character file.

Game seed: 7805155297816905858

131 Anathary the Ducker (level 5, -2/36 HPs)
             Began as a Djinni Fire Elementalist on Feb 19, 2024.
             Slain by a goblin
             ... wielding a +0 dagger
             ... led by Robin
              (6 damage)
             ... on level 3 of the Dungeon.
             The game lasted 00:15:38 (2456 turns).

Anathary the Ducker (Djinni Fire Elementalist)      Turns: 2456, Time: 00:15:40

Health: -2/36      AC:  2    Str:  7    XL:     5   Next: 37%
Gold:   158        EV: 13    Int: 19    God:
                   SH:  0    Dex: 13

rFire   + + .        i - +2 dagger (vamp)
rCold   x . .        (no shield)
rNeg    . . .        a - +0 robe
rPois   ∞            (no helmet)
rElec   .            (no cloak)
rCorr   .            (no gloves)
SInv    .            (boots unavailable)
Will    .....        (no amulet)
Stlth   ++           (no ring)
HPRegen 0.26/turn    (no ring)
MPRegen 0.00/turn

%: infuse magic (-3 HP)
@: flying
A: sickness immunity, fire resistance 2, cold vulnerability 1, float, innate
caster, HP casting, extra vitality 1
a: no special abilities


You were on level 3 of the Dungeon.
You visited 1 branch of the dungeon, and saw 3 of its levels.

You collected 158 gold pieces.

Inventory:

Hand Weapons
 i - a +2 vampiric dagger (weapon)
Armour
 a - a +0 robe (worn)
Talismans
 d - a beast talisman
Scrolls
 b - a scroll of immolation {unknown}
 c - a scroll of brand weapon {unknown}
 e - a scroll of amnesia {unknown}
 j - a scroll of summoning {unknown}
Potions
 f - 2 potions of attraction {unknown}
 g - a potion of brilliance {unknown}
 h - a potion of haste {unknown}
 k - a potion of heal wounds {unknown}


   Skills:
 + Level 0.8 Fighting
 + Level 3.5 Dodging
 + Level 3.0 Stealth
 + Level 1.2 Unarmed Combat
 + Level 3.4 Spellcasting
 + Level 3.4 Conjurations
 + Level 3.4 Hexes
 + Level 3.4 Summonings
 + Level 3.4 Necromancy
 + Level 3.4 Translocations
 + Level 3.4 Fire Magic
 + Level 3.4 Ice Magic
 + Level 3.4 Air Magic
 + Level 3.4 Earth Magic
 + Level 3.4 Alchemy


You knew the following spells:

 Your Spells              Type           Power      Damage    Failure   Level
a - Foxfire               Conj/Fire      64%        2x1d7     3%          1
b - Scorch                Fire           32%        2d6       5%          2
c - Volatile Blastmotes   Fire/Tloc      32%        2d12      11%         3
d - Inner Flame           Hex/Fire       16%        N/A       11%         3
e - Flame Wave            Conj/Fire      16%        2d7       34%         4
f - Sandblast             Erth           32%        2d9       3%          1
g - Mercury Vapours       Alch/Air       32%        N/A       5%          2
Your spell library was empty.

Dungeon Overview and Level Annotations

Branches:
Dungeon (3/15)

Altars:

Shops:
D:3 :

Annotations:
D:3 Robin


Innate Abilities, Weirdness & Mutations

You are immune to sickness and miasma.
You are immune to poison.
Your flesh is very heat resistant. (rF++)
You are vulnerable to cold. (rC-)
You float through the air rather than walking.
You learn spells naturally, not from books.
Your magical power is your life essence.
You have superior vitality. (+4 MHP)


Message History

Casting: Foxfire (safe; 3% risk of failure)
Confirm with . or Enter, or press ? or * to list all spells.
Okay, then.
Robin throws the goblin at you! The goblin hits you with a +0 club.
You see here a +0 club.
Casting: Foxfire (safe; 3% risk of failure)
Confirm with . or Enter, or press ? or * to list all spells.
You conjure some foxfire!
The goblin hits you with a +0 dagger. The goblin hits you with a +0 club.
Your foxfire dissipates!
The foxfire hits the goblin.
You kill the goblin!
You barely miss the goblin. Your punch misses the goblin.
The goblin hits you with a +0 dagger.
You barely miss the goblin.
The goblin no longer looks unusually strong.
Robin completely misses you. The goblin hits you but does no damage.
You closely miss the goblin. Robin throws the goblin at you!
The goblin hits you with a +0 dagger.
Casting: Foxfire (safe; 3% risk of failure)
Confirm with . or Enter, or press ? or * to list all spells.
You conjure some foxfire!
Robin roars a battlecry!
The goblin goes into a battle-frenzy!
The goblin closely misses you.
You completely miss the goblin.
The foxfire hits Robin!
Robin is heavily wounded.
The foxfire hits Robin.
Robin is severely wounded.
Robin hits you from afar with a +0 spear of venom.
The goblin hits you with a +0 dagger.
* * * LOW HITPOINT WARNING * * *
Casting: Foxfire (safe; 3% risk of failure)
Confirm with . or Enter, or press ? or * to list all spells.
You conjure some foxfire!
* * * LOW HITPOINT WARNING * * *
Robin hits you from afar with a +0 spear of venom.
* * * LOW HITPOINT WARNING * * *
The goblin hits you with a +0 dagger.
You die... ### ..# ##.##### ## ... ..# ..g #g# #.# .gg

#@###.### g.
#vv......
#)#####g.##.###
#.))g.).)##.#
########.##.###.#
#........#
####.##### #.#
####.#


You could see Robin (ally target) and a goblin (strong).

Vanquished Creatures
  A gnoll (D:1)
  4 adders (D:2)
  A ribbon worm (D:2)
  2 dart slugs (D:1)
  5 ball pythons
  10 bats
  4 endoplasms (D:1)
  A giant cockroach (D:1)
  13 hobgoblins
  4 quokkas
  6 frilled lizards
  11 goblins
  9 kobolds
  5 rats
76 creatures vanquished.

Vanquished Creatures (collateral kills)
  5 foxfires (D:2)
5 creatures vanquished.

Vanquished Creatures (others)
  156 foxfires
156 creatures vanquished.

Grand Total: 237 creatures vanquished

Notes
Turn   | Place    | Note
-------+----------+-------------------------------------------
     0 | D:1      | Anathary the Djinni Fire Elementalist began the quest for
                  | the Orb.
     0 | D:1      | Anathary set off with the following spells memorised:
                  | Foxfire, Scorch, Volatile Blastmotes, Inner Flame, Flame
                  | Wave.
     0 | D:1      | Reached XP level 1. HP: 15/15 MP: 0/0
   105 | D:1      | Reached XP level 2. HP: 11/21 MP: 0/0
   319 | D:1      | Reached XP level 3. HP: 25/25 MP: 0/0
   319 | D:1      | Learned a level 1 spell: Sandblast
   817 | D:1      | Reached XP level 4. HP: 31/31 MP: 0/0
  1214 | D:1      | You are sucked into a shaft and drop 1 floor!
  1562 | D:2      | Found a faded altar of an unknown god.
  1952 | D:2      | Reached skill level 1 in Unarmed Combat
  1952 | D:2      | Reached XP level 5. HP: 36/36 MP: 0/0
  1952 | D:2      | Learned a level 2 spell: Mercury Vapours
  2138 | D:3      | Found Dogg's Book Emporium.
  2430 | D:3      | Noticed Robin
  2456 | D:3      | Slain by a goblin

Illustrated notes

Levels and vault maps discovered:
D:1:      dpeg_arrival_oval, layout_loops_ring, minmay_pentomino_w4
D:2:      layout_rooms, shapermc_ecumenical_altar_gd, kennysheep_generic_room_12
D:3:      layout_loops_corners, serial_shops, shop_fountains, uniq_robin,
          uniq_terence

Skill      XL: |  1  2  3  4  5 |
---------------+----------------+-----
Stealth        | 2 3 |  3.0
Dodging        | 3 |  3.5
Unarmed Combat | 1 |  1.2
Fighting       | |  0.8
Spellcasting   | |  3.4
Conjurations   | |  3.4
Hexes          | |  3.4
Summonings     | |  3.4
Necromancy     | |  3.4
Translocations | |  3.4
Fire Magic     | |  3.4
Ice Magic      | |  3.4
Air Magic      | |  3.4
Earth Magic    | |  3.4
Alchemy        | |  3.4

Action                     |  1- 3 |  4- 6 || total
---------------------------+-------+-------++-------
  Melee: Unarmed           |    18 |    12 ||    30
         Dagger            |       |    13 ||    13
         Punch             |       |     1 ||     1
   Cast: Foxfire           |    49 |    58 ||   107
 Armour: Robe              |    17 |    24 ||    41
  Dodge: Dodged            |    25 |    29 ||    54
